 Dungeon Crawl Stone Soup version 0.27.0-1-g7a089689b8 (webtiles) character file.

Game seed: 4856719489397103096

784 robertstho the Chiller (level 7, -12/51 HPs)
             Began as a Gnoll Ice Elementalist on Aug 4, 2021.
             Mangled by Menkaure (13 damage)
             ... on level 4 of the Dungeon.
             The game lasted 00:07:23 (5010 turns).

robertstho the Chiller (Gnoll Ice Elementalist)     Turns: 5010, Time: 00:07:23

Health: -12/51     AC:  3    Str:  7    XL:     7   Next: 86%
Magic:  15/15      EV: 14    Int: 16    God:
Gold:   174        SH:  0    Dex: 13    Spells: 10/17 levels left

rFire    x . .     SeeInvis .   h - +0 dagger (elec)
rCold    + . .     Faith    .   (no shield)
rNeg     . . .     Spirit   .   a - +1 robe
rPois    .         Reflect  .   (no helmet)
rElec    .         Harm     .   k - scarf {repulsion}
rCorr    .         Rampage  .   (no gloves)
Will     .....                  (no boots)
Stlth    +++.......             (no amulet)
HPRegen  0.17/turn              m - ring of ice
MPRegen  0.14/turn              (no ring)

@: brilliant, attractive, repel missiles
A: fangs 1, strong nose, distributed training
a: no special abilities


You were on level 4 of the Dungeon.
You visited 1 branch of the dungeon, and saw 4 of its levels.

You collected 174 gold pieces.

Inventory:

Hand Weapons
 e - a +1 vampiric whip
 f - a +2 spear of venom
 h - a +0 dagger of electrocution (weapon)
 q - a +4 rapier of venom
Armour
 a - a +1 robe (worn)
 k - a scarf of repulsion (worn)
Jewellery
 m - a ring of ice (left hand)
Wands
 j - a wand of iceblast (6)
 l - a wand of acid (13)
Scrolls
 c - 2 scrolls of enchant weapon
 i - 2 scrolls of fear {unknown}
 n - a scroll of amnesia
Potions
 o - a potion of resistance {unknown}
 p - 2 potions of attraction


   Skills:
 + Level 2.7 Fighting
 + Level 2.7 Short Blades
 + Level 2.7 Long Blades
 + Level 2.7 Axes
 + Level 2.7 Maces & Flails
 + Level 2.7 Polearms
 + Level 2.7 Staves
 + Level 2.7 Slings
 + Level 2.7 Bows
 + Level 2.7 Crossbows
 + Level 2.7 Throwing
 + Level 2.7 Armour
 + Level 5.4 Dodging
 + Level 5.0 Stealth
 + Level 2.7 Shields
 + Level 2.7 Unarmed Combat
 + Level 5.7 Spellcasting
 + Level 2.2 Conjurations
 + Level 2.2 Hexes
 + Level 2.2 Summonings
 + Level 2.2 Necromancy
 + Level 2.2 Translocations
 + Level 2.2 Transmutations
 + Level 2.2 Fire Magic
 + Level 7.5 Ice Magic
 + Level 2.2 Air Magic
 + Level 2.2 Earth Magic
 + Level 2.2 Poison Magic
 + Level 3.0 Invocations
 + Level 2.7 Evocations


You had 10 spell levels left.
You knew the following spells:

 Your Spells              Type           Power      Damage    Failure   Level
a - Freeze                Ice            100%       1d11      1%          1
b - Frozen Ramparts       Ice            100%       1d12      1%          3
c - Ozocubu's Armour      Ice            59%        N/A       1%          3

Your spell library contained the following spells:

 Spells                   Type           Power      Damage    Failure   Level
 Ensorcelled Hibernation  Hex/Ice        90%        N/A       3%          2
 Corona                   Hex            18%        N/A       5%          1
 Dazzling Flash           Conj/Hex       34%        N/A       17%         3
 Tukima's Dance           Hex            17%        N/A       17%         3
 Hailstorm                Conj/Ice       45%        3d10      19%         4
 Iskenderun's Mystic Bla  Conj/Tloc      17%        2d5       50%         4
 Starburst                Conj/Fire      8%         8x6d4     100%        6


Dungeon Overview and Level Annotations

Branches:
Dungeon (4/15)
 Temple: D:4-7

Altars:
Trog

Annotations:
D:4 Menkaure


Innate Abilities, Weirdness & Mutations

You have very sharp teeth.
Your uncanny sense of smell can sniff out nearby items.
Your experience applies equally to all skills.


Message History

Key pressed, stopping explore.
You now have 160 gold pieces (gained 11).
Menkaure, Prince of Dust comes into view.
You see here 14 gold pieces.
Menkaure is nearby!
Menkaure is nearby!
Menkaure is nearby!
Menkaure is nearby!
You now have 174 gold pieces (gained 14).
Okay, then.
Okay, then.
Your +4 rapier of venom stops dripping with poison.
You hear the crackle of electricity.
h - a +0 dagger of electrocution (weapon)
Menkaure shouts!
You hit Menkaure.
Menkaure is lightly damaged.
Menkaure hits you!
You completely miss Menkaure.
Menkaure is lightly damaged.
Menkaure calls on the powers of darkness!
Your body is wracked with pain!
You are too injured to fight recklessly!
You are too injured to fight recklessly!
It was a potion of cancellation.
You feel magically purged.
An orc comes into view. It is wielding a +0 hand axe.
Menkaure murmurs in an indecipherable tongue.
Menkaure hits you!
* * * LOW HITPOINT WARNING * * *
It was a potion of attraction.
You feel attractive to monsters. The orc is pulled toward you!
It was a potion of curing.
You feel better. Menkaure hits you!
* * * LOW HITPOINT WARNING * * *
The orc shouts!
It was a potion of brilliance.
You feel clever all of a sudden.
Menkaure grins.
Menkaure hits you!
You die...

......#..#..
.....##.##.###
.........#...####
................#
......#.........#
.....##...<....#
...............###
.........##......#
.........##.....@#
.#...........#...M.#
..................o...#
##...............$....#
##..##..................
..)####.............#..#
....................#...
..................... ..
................


You could see Menkaure and an orc.

Vanquished Creatures
  Eustachio (D:4)
  Duvessa (D:4)
  A scorpion (D:4)
  Dowan (D:4)
  A jelly (D:4)
  A hound (D:4)
  An orc priest (D:3)
  An iguana (D:4)
  Ijyb (D:3)
  2 orc wizards (D:3)
  7 gnolls
  7 adders
  An adder skeleton (D:4)
  5 worms
  A dart slug (D:1)
  3 orcs
  4 bats
  9 endoplasms
  13 giant cockroaches
  7 goblins
  4 hobgoblins
  4 quokkas
  4 ball pythons
  4 frilled lizards
  5 kobolds
  3 rats
92 creatures vanquished.

Notes
Turn   | Place    | Note
-------+----------+-------------------------------------------
     0 | D:1      | robertstho the Gnoll Ice Elementalist began the quest for
                  | the Orb.
     0 | D:1      | Reached XP level 1. HP: 13/13 MP: 6/6
    54 | D:1      | Reached XP level 2. HP: 9/19 MP: 0/7
   775 | D:1      | Found a faded altar of an unknown god.
  1696 | D:1      | Reached XP level 3. HP: 23/25 MP: 9/9
  1758 | D:2      | Reached skill level 5 in Spellcasting
  1863 | D:2      | Reached skill level 1 in Invocations
  2028 | D:1      | Learned a level 3 spell: Frozen Ramparts
  2032 | D:1      | Learned a level 3 spell: Ozocubu's Armour
  2241 | D:2      | Reached skill level 1 in Fighting
  2241 | D:2      | Reached skill level 1 in Short Blades
  2241 | D:2      | Reached skill level 1 in Long Blades
  2241 | D:2      | Reached skill level 1 in Axes
  2241 | D:2      | Reached skill level 1 in Maces & Flails
  2241 | D:2      | Reached skill level 1 in Polearms
  2241 | D:2      | Reached skill level 1 in Staves
  2241 | D:2      | Reached skill level 1 in Slings
  2241 | D:2      | Reached skill level 1 in Bows
  2241 | D:2      | Reached skill level 1 in Crossbows
  2241 | D:2      | Reached skill level 1 in Throwing
  2241 | D:2      | Reached skill level 1 in Armour
  2241 | D:2      | Reached skill level 1 in Shields
  2241 | D:2      | Reached skill level 1 in Unarmed Combat
  2241 | D:2      | Reached skill level 1 in Evocations
  2403 | D:2      | Reached XP level 4. HP: 32/32 MP: 3/11
  2412 | D:2      | Reached skill level 1 in Conjurations
  2412 | D:2      | Reached skill level 1 in Hexes
  2412 | D:2      | Reached skill level 1 in Summonings
  2412 | D:2      | Reached skill level 1 in Necromancy
  2412 | D:2      | Reached skill level 1 in Translocations
  2412 | D:2      | Reached skill level 1 in Transmutations
  2412 | D:2      | Reached skill level 1 in Fire Magic
  2412 | D:2      | Reached skill level 1 in Air Magic
  2412 | D:2      | Reached skill level 1 in Earth Magic
  2412 | D:2      | Reached skill level 1 in Poison Magic
  2748 | D:2      | Reached XP level 5. HP: 26/37 MP: 12/12
  3632 | D:3      | Reached XP level 6. HP: 44/44 MP: 13/13
  3880 | D:3      | Noticed Ijyb
  3888 | D:3      | Killed Ijyb
  3897 | D:3      | Reached skill level 5 in Dodging
  4125 | D:3      | Found a bloodstained altar of Trog.
  4574 | D:4      | Noticed Eustachio
  4583 | D:4      | Killed Eustachio
  4584 | D:4      | Reached XP level 7. HP: 42/50 MP: 11/15
  4798 | D:4      | Noticed Duvessa
  4799 | D:4      | Noticed Dowan
  4813 | D:4      | Killed Duvessa
  4814 | D:4      | Reached skill level 5 in Stealth
  4836 | D:4      | Killed Dowan
  4997 | D:4      | Noticed Menkaure
  5009 | D:4      | HP: 1/51 [Menkaure (12)]
  5010 | D:4      | Mangled by Menkaure

Illustrated notes

Levels and vault maps discovered:
D:1:      lemuel_arrival_muddy, layout_basic, ebering_ecumenical_altar_box
D:2:      minmay_roachtagon, layout_basic
D:3:      layout_loops_cross, mainiacjoe_overflow_tiny_flanked, uniq_ijyb
D:4:      layout_cave_pools, uniq_crazy_yiuf_cottage, uniq_eustachio,
          uniq_menkaure, uniq_duvessa

Skill      XL: |  1  2  3  4  5  6  7 |
---------------+----------------------+-----
Spellcasting   | 5 |  5.7
Invocations    | 1 2 3 |  3.0
Fighting       | 1 2 |  2.7
Short Blades   | 1 2 |  2.7
Long Blades    | 1 2 |  2.7
Axes           | 1 2 |  2.7
Maces & Flails | 1 2 |  2.7
Polearms       | 1 2 |  2.7
Staves         | 1 2 |  2.7
Slings         | 1 2 |  2.7
Bows           | 1 2 |  2.7
Crossbows      | 1 2 |  2.7
Throwing       | 1 2 |  2.7
Armour         | 1 2 |  2.7
Shields        | 1 2 |  2.7
Unarmed Combat | 1 2 |  2.7
Evocations     | 1 2 |  2.7
Conjurations   | 1 2 |  2.2
Hexes          | 1 2 |  2.2
Summonings     | 1 2 |  2.2
Necromancy     | 1 2 |  2.2
Translocations | 1 2 |  2.2
Transmutations | 1 2 |  2.2
Fire Magic     | 1 2 |  2.2
Air Magic      | 1 2 |  2.2
Earth Magic    | 1 2 |  2.2
Poison Magic   | 1 2 |  2.2
Dodging        | 5 |  5.4
Stealth        | 5 |  5.0
Ice Magic      | |  7.5

Action                   |  1- 3 |  4- 6 |  7- 9 || total
-------------------------+-------+-------+-------++-------
Melee: Unarmed           |    53 |     2 |       ||    55
       Bite              |     2 |     3 |     2 ||     7
       Spear             |       |    83 |    30 ||   113
       Punch             |       |     1 |       ||     1
       Dagger            |       |       |     2 ||     2
 Cast: Freeze            |    35 |     5 |       ||    40
       Frozen Ramparts   |     1 |    15 |     4 ||    20
       Ozocubu's Armour  |     1 |     3 |     1 ||     5
  Use: Scroll            |     1 |     3 |       ||     4
       Potion            |       |       |     4 ||     4
 Stab: Sleeping          |     4 |     5 |       ||     9
Armor: Robe              |    20 |    13 |     6 ||    39
Dodge: Dodged            |    51 |    47 |    16 ||   114
